 Dungeon Crawl Stone Soup version 0.21-a0-150-gc243083 (webtiles) character file.

793 FinalAngel the Zephyrmancer (level 7, 35/41 HPs)
             Began as a High Elf Air Elementalist on Aug 11, 2016.
             Was a Follower of Sif Muna.
             Quit the game on level 5 of the Dungeon on July 29, 2017.
             The game lasted 00:22:43 (3681 turns).

FinalAngel the Zephyrmancer (HEAE)                  Turns: 3681, Time: 00:22:44

Health: 35/41      AC:  4    Str:  7    XL:     7   Next: 57%
Magic:  10/25      EV: 13    Int: 21    God:    Sif Muna [*.....]
Gold:   152        SH:  0    Dex: 16    Spells: 9/17 levels left

rFire    . . .     SeeInvis .   g - +0 short sword
rCold    . . .     Gourm    .   (no shield)
rNeg     . . .     Faith    .   a - +0 robe
rPois    .         Spirit   .   (no helmet)
rElec    .         Reflect  .   k - +0 cloak
rCorr    .         Harm     .   (no gloves)
MR       .....                  q - +0 pair of boots
Stlth    ++........             p - amulet of regeneration
HPRegen  0.53/turn              h - ring of magical power
MPRegen  0.19/turn              (no ring)

@: divine energy
A: no striking features
a: Stop Divine Energy, Renounce Religion


You were on level 5 of the Dungeon.
You worshipped Sif Muna.
Sif Muna was aware of your devotion.
You were not hungry.

You visited 2 branches of the dungeon, and saw 6 of its levels.

You collected 236 gold pieces.
You spent 84 gold pieces at shops.

Inventory:

Hand Weapons
 g - a +0 short sword (weapon)
   (You took it off a kobold on level 1 of the Dungeon)
 r - a +0 blowgun
   (You took it off a kobold on level 3 of the Dungeon)
Missiles
 s - 15 poisoned needles
Armour
 a - a +0 robe (worn)
 k - a +0 cloak (worn)
   (You found it on level 1 of the Dungeon)
 q - a +0 pair of boots (worn)
   (You found it on level 2 of the Dungeon)
 v - the +0 ring mail "Eliownyu" {rF+ Str+6 Dex+2, unknown}
   (You found it on level 4 of the Dungeon)

   It affects your strength (+6).
   It affects your dexterity (+2).
   It protects you from fire.
Jewellery
 h - a ring of magical power (left hand)
   (You found it on level 1 of the Dungeon)
 p - an amulet of regeneration (around neck)
   (You found it on level 3 of the Dungeon)
Wands
 n - a wand of removedness (5/24)
   (You found it on level 2 of the Dungeon)
 u - a wand of removedness (24/24)
   (You found it on level 4 of the Dungeon)
Scrolls
 e - 2 scrolls of teleportation
 i - 2 scrolls of remove curse
 t - 3 scrolls of identify
 y - a scroll of enchant weapon {unknown}
 A - a scroll of noise {unknown}
Potions
 f - 3 potions of curing
 j - a potion of cancellation
 o - a potion of degeneration {unknown}
 x - a potion of resistance {unknown}
 z - 2 potions of flight {unknown}
Books
 b - a book of Air
Comestibles
 c - 2 bread rations
 d - 4 chunks of flesh
 l - a royal jelly
 m - 2 meat rations
 w - 2 royal jellies
 B - a royal jelly


   Skills:
 - Level 2.4 Dodging
 - Level 2.2 Stealth
 + Level 5.7 Spellcasting
 - Level 1.2 Conjurations
 - Level 9.1 Air Magic


You had 9 spell levels left.
You knew the following spells:

 Your Spells              Type           Power        Failure   Level  Hunger
a - Shock                 Conj/Air       ####         1%          1    None
b - Static Discharge      Conj/Air       ####....     3%          3    ##.....
c - Swiftness             Chrm/Air       ####....     2%          2    None
d - Repel Missiles        Chrm/Air       ####..       2%          2    None


Dungeon Overview and Level Annotations

Branches:
Dungeon (5/15)             Temple (1/1) D:4

Altars:
Cheibriados
Dithmenos
Gozag
Okawaru
Sif Muna
Xom

Shops:
D:4 ?:[[[


Message History

Aiming: Shock
Press: ? - help, Shift-Dir - straight line, f/p - ogre
Aim: an ogre, wielding a giant club (heavily wounded)
The zap hits the ogre.
The ogre is severely wounded.
Casting: Shock
Confirm with . or Enter, or press ? or * to list all spells.
Aiming: Shock
Press: ? - help, Shift-Dir - straight line, f/p - ogre
Aim: an ogre, wielding a giant club (severely wounded)
The zap hits the ogre.
The ogre is severely wounded.
The ogre barely misses you.
Casting: Shock
Confirm with . or Enter, or press ? or * to list all spells.
The ogre is struck by lightning.
The ogre is almost dead.
The lightning arcs!
You are struck by lightning.
The lightning grounds out.
You are feeling hungry.
Casting: Static Discharge
Confirm with . or Enter, or press ? or * to list all spells.
The ogre is struck by lightning.
You kill the ogre!
Sif Muna accepts your kill.
Your life force feels restored.
The lightning arcs!
You are struck by lightning.
The lightning grounds out.
Things that are here:
a giant club; an ogre corpse You butcher the ogre corpse.
d - 5 chunks of flesh You see here a giant club.
Eat one of 5 chunks of flesh? (ye/n/q)
You start eating one of the 5 chunks of flesh.
You continue eating. x2
HP restored.
You finish eating.
This raw flesh tastes terrible.
Found 4 needles of confusion.
There is a stone staircase leading up here.
Found a stone staircase leading down.
A worker ant zombie comes into view.
Casting: Static Discharge
Confirm with . or Enter, or press ? or * to list all spells.
The worker ant zombie is struck by lightning.
The worker ant zombie is lightly damaged.
The lightning arcs!
You are struck by lightning.
The lightning grounds out.
The worker ant zombie bites you.
Casting: Static Discharge
Confirm with . or Enter, or press ? or * to list all spells.
The worker ant zombie is struck by lightning.
The worker ant zombie is moderately damaged.
The lightning arcs!
You are struck by lightning.
The lightning grounds out.
The worker ant zombie closely misses you.
Casting: Static Discharge
Confirm with . or Enter, or press ? or * to list all spells.
The worker ant zombie is struck by lightning.
The worker ant zombie is heavily damaged.
The lightning arcs!
You are struck by lightning.
The lightning arcs!
The worker ant zombie is struck by lightning.
The worker ant zombie is severely damaged.
The lightning grounds out.
The worker ant zombie barely misses you.
Casting: Static Discharge
Confirm with . or Enter, or press ? or * to list all spells.
Aiming: Shock
Press: ? - help, Shift-Dir - straight line The zap hits the worker ant zombie.
The worker ant zombie is almost destroyed.
The zap hits the worker ant zombie.
You destroy the worker ant zombie!
Sif Muna accepts your kill.
A shadow imp comes into view.
Found 11 arrows.
A shadow imp is nearby!
Casting: Shock
Confirm with . or Enter, or press ? or * to list all spells.
Aiming: Shock
Press: ? - help, Shift-Dir - straight line, f - shadow imp
Aim: a shadow imp (resting)
The zap hits the shadow imp.
The shadow imp is severely wounded.
The shadow imp shouts, "Crawl home, thou tender bat-fowling gnoll-tail!"
Welcome back, FinalAngel the High Elf Air Elementalist.
Sif Muna whispers: I know many secrets...
A shadow imp is nearby!
A shadow imp is nearby!
A shadow imp is nearby!
A shadow imp is nearby!
A shadow imp is nearby!
A shadow imp is nearby!
A shadow imp is nearby!
Enter note:
Okay, then.
The shadow imp hits you. The shadow imp misses you. The shadow imp hits you.
You take 2 damage, and have 35/41 hp.
Saving game... please wait.
Welcome back, FinalAngel the High Elf Air Elementalist.
Sif Muna whispers: I know many secrets...

####### ##
#...... ..
####.# #.#####
#. #....#
#....># #.
#@##.###.###.#
#.
#.....5..#.....#
#.####.
#.###....###.###
#...... #....(
#.# ########.
#......#.#
.........
..###..#..
......... #..
..### (#######.
... ... #######.
.......)


You could see a shadow imp.

Vanquished Creatures
  Edmund (D:5)
  An ice beast (D:5)
  A black bear (D:4)
  2 ogres
  Blork the orc (D:4)
  A hound (D:4)
  An orc priest (D:3)
  A worker ant zombie (D:5)
  3 gnolls (D:3)
  2 adders (D:2)
  2 oozes
  A worm (D:3)
  2 dart slugs (D:1)
  4 leopard geckos
  10 orcs
  3 ball pythons
  7 bats
  5 giant cockroaches
  7 goblins
  10 hobgoblins
  10 jackals
  4 kobolds
  7 quokkas
  4 frilled lizards
  6 rats
96 creatures vanquished.

Vanquished Creatures (others)
  5 removed
  MONS_SHEEPs (D:4)
5 creatures vanquished.

Grand Total: 101 creatures vanquished

Notes
Turn   | Place    | Note
-------+----------+-------------------------------------------
     0 | D:1      | FinalAngel the High Elf Air Elementalist began the quest for the Orb.
     0 | D:1      | Reached XP level 1. HP: 11/11 MP: 4/4
    95 | D:1      | Reached XP level 2. HP: 17/17 MP: 0/6
   296 | D:1      | Reached skill level 4 in Air Magic
   357 | D:1      | Reached XP level 3. HP: 18/21 MP: 1/8
   735 | D:2      | Learned a level 3 spell: Static Discharge
   738 | D:2      | Learned a level 2 spell: Swiftness
   829 | D:2      | Found an oddly glowing altar of Pakellas.
   829 | D:2      | Found a shadowy altar of Dithmenos.
   909 | D:2      | Reached skill level 5 in Air Magic
   976 | D:2      | Reached XP level 4. HP: 15/27 MP: 9/9
  1772 | D:3      | Reached skill level 6 in Air Magic
  1781 | D:3      | Reached XP level 5. HP: 18/31 MP: 4/10
  2097 | D:3      | Found a shadowy altar of Dithmenos.
  2157 | D:3      | Found an opulent altar of Gozag.
  2369 | D:4      | Found Falypt's Armour Emporium.
  2369 | D:4      | Found a staircase to the Ecumenical Temple.
  2369 | D:4      | Found Kuejeqee's Armour Shoppe.
  2376 | Temple   | Entered the Ecumenical Temple
  2379 | Temple   | Became a worshipper of Sif Muna the Loreminder
  2423 | D:4      | Reached skill level 7 in Air Magic
  2452 | D:4      | Found a shimmering altar of Xom.
  2742 | D:4      | Found Denoeme's Magic Scroll Boutique.
  2745 | D:4      | Bought a scroll of identify for 28 gold pieces
  2745 | D:4      | Bought a scroll of identify for 28 gold pieces
  2745 | D:4      | Bought a scroll of identify for 28 gold pieces
  2958 | D:4      | Got a distressingly furry ring mail
  2977 | D:4      | Noticed a black bear
  2986 | D:4      | Killed a black bear
  2986 | D:4      | Reached XP level 6. HP: 7/36 MP: 0/11
  3127 | D:4      | Reached skill level 8 in Air Magic
  3150 | D:4      | Found a snail-covered altar of Cheibriados.
  3161 | D:4      | Noticed Blork the orc
  3183 | D:4      | Learned a level 2 spell: Repel Missiles
  3190 | D:4      | Found Qaci's Antique Armour Emporium.
  3229 | D:4      | Killed Blork the orc
  3336 | D:4      | Reached skill level 9 in Air Magic
  3402 | D:4      | Found Red Lyliom's Book Emporium.
  3425 | D:5      | Entered Level 5 of the Dungeon
  3425 | D:5      | Noticed an ice beast
  3430 | D:5      | Killed an ice beast
  3430 | D:5      | Reached * piety under Sif Muna
  3430 | D:5      | Reached skill level 3 in Spellcasting
  3430 | D:5      | Reached XP level 7. HP: 19/41 MP: 9/13
  3431 | D:5      | Noticed Edmund
  3495 | D:5      | Killed Edmund
  3495 | D:5      | Reached skill level 5 in Spellcasting
  3677 | D:5      | Upgraded the game from 0.19-a0-1120-g42b7146 to 0.21-a0-150-gc243083
  3681 | D:5      | Quit the game

Vault maps used:
D:1:      co_arrival_two_rings, minmay_tree_intersection
D:2:      grunt_temple_overflow_open
D:3:      nicolae_gozag_cash_rules_everything_around_me, grunt_dithmenos_smoke
D:4:      black_bear_nest_2, kb_xom_exploding_sheep, cheibriados_altar_1,
          serial_shops, shop, shop, shop, shop, shop, minmay_misc_feat_roman,
          uniq_blork_the_orc
D:5:      kennysheep_mini_moat, first_bread, uniq_edmund
Temple:   nicolae_temple_hex_pool

Skill      XL: |  1  2  3  4  5  6  7 |
---------------+----------------------+-----
Air Magic      | 4 5 6 7 9 |  9.1
Spellcasting   | 3 5 |  5.7
Dodging        | |  2.4
Stealth        | |  2.2
Conjurations   | |  1.2

Action                   |  1- 3 |  4- 6 |  7- 9 || total
-------------------------+-------+-------+-------++-------
Melee: Unarmed           |    12 |       |       ||    12
       Short sword       |     9 |     5 |     1 ||    15
 Cast: Shock             |    76 |   116 |    18 ||   210
       Swiftness         |     2 |       |       ||     2
       Static Discharge  |     1 |    11 |     9 ||    21
       Repel Missiles    |       |     1 |       ||     1
Invok: Divine Energy     |       |       |     1 ||     1
  Use: Scroll            |       |     7 |       ||     7
  Eat: Chunk             |       |     7 |     2 ||     9
       Buggy             |       |     1 |       ||     1
Armor: Robe              |     7 |     7 |       ||    14
Dodge: Dodged            |    26 |    26 |     8 ||    60

Vault maps used:
D:1:      co_arrival_two_rings, minmay_tree_intersection
D:2:      grunt_temple_overflow_open
D:3:      nicolae_gozag_cash_rules_everything_around_me, grunt_dithmenos_smoke
D:4:      black_bear_nest_2, kb_xom_exploding_sheep, cheibriados_altar_1,
          serial_shops, shop, shop, shop, shop, shop, minmay_misc_feat_roman,
          uniq_blork_the_orc
D:5:      kennysheep_mini_moat, first_bread, uniq_edmund
Temple:   nicolae_temple_hex_pool

Table legend:
 A = Turns spent in this place as a percentage of turns spent in the entire game.
 B = Non-inter-level travel turns spent in this place as a percentage of non-inter-level travel turns spent in the entire game.
 C = Inter-level travel turns spent in this place as a percentage of turns spent in this place.
 D = Turns resting spent in this place as a percentage of non-inter-level travel turns spent in this place.
 E = Turns spent auto-exploring this place as a percentage of non-inter-level travel turns spent in this place.
 F = Non-inter-level travel turns spent in this place divided by the number of levels of this place that you've seen.
                   A       B       C       D       E      F
               +-------+-------+-------+-------+-------+----------------------
         Total | 100.0 | 100.0 |   0.6 |   4.3 |  17.7 | 144.7
       Dungeon |  99.3 |  99.3 |   0.6 |   4.3 |  17.9 | 172.4
        Temple |   0.7 |   0.7 |   0.0 |   0.0 |   0.0 |   6.0
               +-------+-------+-------+-------+-------+----------------------

Table legend:
 A = Kills in this place as a percentage of kills in entire the game.
 B = Kills by you in this place as a percentage of kills by you in the entire game.
 C = Kills by friends in this place as a percentage of kills by friends in the entire game.
 D = Other kills in this place as a percentage of other kills in the entire game.
 E = Experience gained in this place as a percentage of experience gained in the entire game.
 F = Experience gained in this place divided by the number of levels of this place that you have seen.
                   A       B       C       D       E      F
               +-------+-------+-------+-------+-------+----------------------
         Total | 100.0 | 100.0 |  -nan | 100.0 | 100.0 | 189.0
       Dungeon | 100.0 | 100.0 |  -nan | 100.0 | 100.0 | 226.8
               +-------+-------+-------+-------+-------+----------------------
